[Event "Vezerkepzo GM May 2022"]
[Site "Budapest"]
[Date "2022.05.23"]
[Round "8.1"]
[White "Turzo, Attila"]
[Black "Nagy, Gabor"]
[Result "0-1"]
[ECO "E15"]
[WhiteElo "2338"]
[BlackElo "2503"]
[Annotator "TA"]
[PlyCount "82"]
[EventDate "2022.05.18"]
[EventType "tourn"]
[EventCountry "HUN"]
[SourceTitle "playchess.com"]
[Source "ChessBase"]
[SourceQuality "1"]
[TimeControl "5400+30"]

1. d4 Nf6 2. c4 e6 3. Nf3 b6 4. g3 Ba6 5. b3 Bb4+ 6. Bd2 Be7 7. Nc3 d5 8. cxd5 exd5 9. Bg2 O-O 10. O-O Re8 11. Ne5 {[%emt 0:00:32][%cal Ob3b4] E15: Queen's Indian: 4 g3 sidelines, 4 g3 Ba6 and 4 g3 Bb7 early deviations.} c6 12. Rc1 Ba3 13. Rc2 {[%emt 0:00:25] [#] White is slightly better.} Bd6 $146 ({Predecessor:} 13... Nfd7 14. f4 Nxe5 15. dxe5 d4 16. Ne4 d3 17. exd3 Bxd3 18. Bc3 Bxf1 19. Qxf1 Nd7 {½-½ (64) Gormally,D (2509)-Briscoe,C (2224) Great Yarmouth 2007}) 14. Nd3 (14. Re1 $14 {is more appropriate.}) 14... Bxd3 $11 15. exd3 Na6 16. Nb1 Rc8 17. a3 (17. Bh3 $5 ) 17... h6 18. b4 c5 19. dxc5 (19. Bh3 $14) 19... bxc5 20. b5 Nc7 21. a4 Ne6 22. Bc3 Nd4 23. Bxd4 cxd4 24. Bh3 Rxc2 25. Qxc2 Qa5 26. Bg2 Bf8 27. Qb3 Rc8 28. Bf3 Rc5 29. Bd1 Rc7 30. Qb2 Qb4 31. Qa2 g6 32. h4 h5 33. Bb3 Rc5 34. Kg2 Kg7 35. Rd1 Be7 36. Rd2 Ng4 37. Rc2 Rxc2 38. Qxc2 Qe1 {[%emt 0:01:12] Hoping for ...Bf6.} 39. Bxd5 Bd6 {[%emt 0:00:44][%cal Od6g3] ...Bxg3! is the strong threat.} 40. Bf3 $2 {[%emt 0:00:38][%mdl 8192] [#]} (40. Qb2 $11) 40... Ne3+ $1 $19 {[%emt 0:00:12][%mdl 576] Deflection} 41. fxe3 Qxg3+ {[%emt 0:00:06] Weighted Error Value: White=0.31/Black=0.06 (flawless)} 0-1

[Event "Vezerkepzo GM May 2022"]
[Site "Budapest"]
[Date "2022.05.23"]
[Round "8.3"]
[White "Mazur, Stefan"]
[Black "Tancsa, Tamas"]
[Result "1-0"]
[ECO "C84"]
[WhiteElo "2423"]
[BlackElo "2091"]
[Annotator "TA"]
[PlyCount "59"]
[EventDate "2022.05.18"]
[EventType "tourn"]
[EventCountry "HUN"]
[SourceTitle "playchess.com"]
[Source "ChessBase"]
[SourceQuality "1"]
[TimeControl "5400+30"]

1. e4 e5 2. Nf3 Nc6 3. Bb5 a6 4. Ba4 Nf6 5. O-O Be7 6. d3 b5 7. Bb3 O-O 8. a4 b4 9. a5 {[%emt 0:00:19] C84: Closed Ruy Lopez: Unusual White 6th moves.} d5 10. exd5 Nxd5 11. Re1 {[%emt 0:00:15] White is better.} (11. Nbd2 {is interesting.} Nf4 12. Re1 Bg4 13. Ba4) 11... Bb7 12. Nxe5 Nxe5 13. Rxe5 Bf6 14. Re1 {[%emt 0:00:12] [#]} Bd4 $146 {[%emt 0:01:35] White must now prevent ...Qh4.} ({Predecessor:} 14... Re8 15. Nd2 Rxe1+ 16. Qxe1 Qd7 17. Ne4 Bd4 18. Be3 Nxe3 19. fxe3 Bxe4 20. dxe4 Bxb2 {½-½ (94) Oberholzer,F (2056)-Osinovsky,S (2241) Chess.com INT 2020}) 15. Nd2 $1 Qh4 16. Ne4 {[%emt 0:03:27] Threatens to win with Bg5.} h6 {[%emt 0:09:55] Against Bg5} 17. Qf3 $1 Rae8 {[%emt 0:05:27] [#]} 18. Bd2 $1 Bxb2 {[%emt 0:05:01] [#]} 19. Rab1 Bc3 (19... Bd4 $16) 20. Nxc3 $18 bxc3 21. Rxe8 (21. Bxd5 $2 Bxd5 22. Qxd5 cxd2 $19) 21... Rxe8 22. Bxc3 ({Don't blunder} 22. Bxd5 $2 Bxd5 23. Bg5 (23. Qf4 $2 cxd2 24. Qxd2 Bxg2 $19) 23... Qxg5 $19) 22... Nf4 (22... Qd8) 23. Bxf7+ Kxf7 24. Rxb7 Qf6 25. Rxc7+ Kg8 26. h3 Qf5 27. Rxg7+ Kf8 28. Rg4 (28. Kh2 $142 Re5 29. g4 Qf6 30. Ra7 Nd5 31. Qxf6+ Nxf6 32. Bxe5 Ng8 33. Rxa6) 28... Ne2+ 29. Kh2 Qxf3 30. Bb4+ {[%emt 0:00:13] Black got outplayed after the opening.  Weighted Error Value: White=0.35/Black=0.60} ({Less strong is} 30. gxf3 Nxc3 31. Rg6 Re2 $16) 1-0

[Event "Vezerkepzo GM May 2022"]
[Site "Budapest"]
[Date "2022.05.23"]
[Round "8.4"]
[White "Aveskulov, Valeriy"]
[Black "Berczes, David"]
[Result "1/2-1/2"]
[ECO "C13"]
[WhiteElo "2531"]
[BlackElo "2437"]
[Annotator "TA"]
[PlyCount "39"]
[EventDate "2022.05.18"]
[EventType "tourn"]
[EventCountry "HUN"]
[SourceTitle "playchess.com"]
[Source "ChessBase"]
[SourceQuality "1"]
[TimeControl "5400+30"]

1. e4 e6 2. d4 d5 3. Nc3 Nf6 4. Bg5 dxe4 5. Nxe4 Be7 6. Bxf6 gxf6 7. Nf3 f5 8. Nc3 a6 {[%emt 0:00:48] C13: French: Classical System: 4 Bg5 Be7, Alekhine-Chatard Attack.} 9. g3 b5 10. Bg2 {[%emt 0:00:09] Hoping for Ne5.} Bb7 {[%emt 0:00:05] The position is equal.} 11. O-O O-O 12. Qe2 c5 (12... b4 $5 13. Nd1 c5 $11) 13. Rad1 {[%emt 0:12:18][%cal Od4d5] Black must now prevent d5!} Qc7 14. Rfe1 {[%emt 0:09:02] [#]} b4 $146 ({Predecessor:} 14... cxd4 15. Nxd4 Bxg2 16. Kxg2 Bf6 17. Qf3 Bxd4 18. Qxa8 Bxc3 19. bxc3 Qxc3 20. Qf3 Qxc2 {1-0 (37) Gundavaa,B (2479)-Freitag,M (2393) Graz 2017}) 15. Na4 {[%emt 0:05:12][%cal Od4d5] [#] d5! is the strong threat.} cxd4 16. Nxd4 {[%emt 0:01:09] And now Bxb7 would win. Pair of Knights!} Bxg2 17. Kxg2 {[%emt 0:00:19][%cal Od4f5] Threatens to win with Nxf5!} Bf6 18. Qf3 {[%emt 0:08:59] aiming for Nxe6.} Nd7 19. Nc6 Rac8 20. Re2 {[%emt 0:04:54] Weighted Error Value: White=0.10 (very precise) /Black=0.04 (flawless)} 1/2-1/2

[Event "Vezerkepzo GM May 2022"]
[Site "Budapest"]
[Date "2022.05.23"]
[Round "8.5"]
[White "Fule, Simon"]
[Black "Dudin, Gleb"]
[Result "0-1"]
[ECO "C70"]
[WhiteElo "2297"]
[BlackElo "2473"]
[Annotator "TA"]
[PlyCount "46"]
[EventDate "2022.05.18"]
[EventType "tourn"]
[EventCountry "HUN"]
[SourceTitle "playchess.com"]
[Source "ChessBase"]
[SourceQuality "1"]
[TimeControl "5400+30"]

1. e4 e5 2. Nf3 Nc6 3. Bb5 a6 4. Ba4 g6 5. d4 exd4 6. Nxd4 Bg7 {[%emt 0:07:46] C70: Ruy Lopez: 3...a6 4 Ba4, Norwegian and Delayed Schliemann.} 7. Nxc6 dxc6 8. Qxd8+ Kxd8 {[%emt 0:00:03] White is slightly better.} 9. Bb3 Ke7 {[%emt 0:03:45] [#]} 10. c3 $146 (10. Nc3 {feels hotter.} Be5 11. Bg5+ f6 12. Be3) ({Predecessor:} 10. Bg5+ Bf6 11. Bxf6+ Nxf6 12. Nd2 Nd7 13. f3 Nc5 14. Ke2 a5 15. c3 b6 16. Bc2 {½-½ (61) Kucza,K (2296)-Cukrowski,F (2424) Polanica Zdroj 2019}) 10... Nf6 11. f3 Nd7 12. Be3 a5 13. a4 Rd8 14. Nd2 Ne5 15. O-O-O b5 (15... b6 $11) 16. Kc2 Ba6 17. Bd4 ({White should play} 17. f4 $16 Ng4 18. Bc5+ Ke8 19. h3) 17... Rab8 18. Nb1 $2 {[%emt 0:11:36] [#] This costs White the game.} (18. f4 $11 {and White is okay.} Rxd4 19. axb5 (19. cxd4 Ng4 $11) 19... Rxd2+ 20. Rxd2) 18... bxa4 $19 {[%emt 0:05:30] Black is clearly better.} 19. Bc5+ Kf6 {[%emt 0:01:43] Chess con chili.} 20. Bxa4 Bd3+ 21. Rxd3 Nxd3 (21... Rxd3 $2 22. f4 (22. Bd4 Rxd4 23. cxd4 Nc4 $11) 22... Nd7 23. Ba7 $18) 22. Bd4+ {[%emt 0:00:05] [#]} Ke7 $1 23. Kxd3 c5 $1 {[%emt 0:00:08][%mdl 64] Pin.  Weighted Error Value: White=0.25 (precise) /Black=0.07 (flawless)} ({Resist} 23... Rxb2 24. Bxc6 Rd6 25. Bd5 $14) 0-1

[Event "Vezerkepzo GM May 2022"]
[Site "Budapest"]
[Date "2022.05.24"]
[Round "9.1"]
[White "Dudin, Gleb"]
[Black "Turzo, Attila"]
[Result "1-0"]
[ECO "D10"]
[WhiteElo "2473"]
[BlackElo "2338"]
[Annotator "TA"]
[PlyCount "111"]
[EventDate "2022.05.18"]
[EventType "tourn"]
[EventCountry "HUN"]
[SourceTitle "playchess.com"]
[Source "ChessBase"]
[SourceQuality "1"]
[TimeControl "5400+30"]

1. d4 d5 2. c4 c6 3. cxd5 cxd5 4. Bg5 f6 5. Bd2 Nc6 6. Nc3 {[%emt 0:02:49] D10: Slav Defence: 3 cxd5 (without early Nf3) and 3 Nc3.} e5 7. e4 dxe4 8. dxe5 {[%emt 0:02:02] The position is equal.} fxe5 9. Bc4 Nf6 10. Nge2 Bc5 11. O-O Bg4 {[%emt 0:17:34] [#]} 12. Bg5 $146 ({Predecessor:} 12. h3 Bh5 13. Rc1 Qd7 14. Bg5 Nd4 15. Bxf6 gxf6 16. Nxe4 Be7 17. N4g3 Nxe2+ 18. Bxe2 Qxd1 19. Bxd1 Bxd1 20. Rfxd1 {1-0 (43) Caruana,F (2835)-Vachier Lagrave,M (2778) chess24.com INT 2020}) 12... Qxd1 13. Raxd1 Nd4 14. h3 Bh5 15. Rd2 O-O-O 16. Nxd4 Rxd4 17. Be6+ Kb8 18. Rc2 {[%emt 0:00:19] aiming for Nb5.} Rd6 19. Bf5 Bd4 20. Nxe4 Nxe4 21. Bxe4 h6 22. Be7 Re6 23. Bc5 Bg6 24. Bxg6 Rxg6 25. Rfc1 Rd8 26. Be7 Re8 {[%emt 0:00:10] [#]} 27. b3 $1 a6 (27... a5 28. Bh4) 28. Bb4 Rf6 29. Bc5 Rf7 30. Kf1 Rd7 31. Ke2 Red8 32. Rd2 b6 33. Bxd4 exd4 $16 {[%emt 0:00:01][%mdl 4096] Endgame [#] KRR-KRR} 34. Kd3 $1 b5 35. Re2 Kb7 {[%emt 0:00:29] Prevents Rc6.} 36. Re6 {[%emt 0:00:52] White is more active.} Rd6 {[%emt 0:00:02] Against Rc6} 37. Re4 g5 38. f3 Kb6 39. Re5 Rg8 40. Rcc5 Rgd8 41. a3 R8d7 42. a4 bxa4 43. bxa4 Rc7 (43... Ka7 $14) 44. a5+ $18 Kb7 45. Rcd5 Rcd7 {[%emt 0:00:58] Loses the game.} (45... Rdc6 $16) 46. Kxd4 Kc6 47. Rxd6+ Rxd6+ {[%emt 0:00:04] KR-KR} 48. Kc4 Rd2 (48... Rf6 $142 49. Rc5+ Kd7) 49. g4 {[%emt 0:00:50][%cal Bg2g4,Bg4h5,Bh5h6,Bh6h7][%mdl 32] Threatens to win with Re6+.} ({But not} 49. Re6+ $6 Kd7 50. Rxh6 (50. Rxa6 Rxg2 51. Rxh6 Rg3 $18) 50... Rxg2) 49... Rf2 $2 (49... Kd6 50. Rf5 Ke6) 50. Re6+ Kb7 51. Rf6 h5 (51... Ra2 $142 52. Rb6+ (52. Rxh6 Rxa5 53. h4 gxh4 $18) 52... Ka7 53. Rxh6 Rxa5) 52. gxh5 {[%emt 0:00:26] White wants to mate with h6.} Rh2 53. h6 {[%emt 0:00:27] Kd5 would kill now.} Rxh3 54. Kd5 {[%emt 0:00:11] Intending Rf7+ and mate.} Rh4 55. Rf7+ Kb8 56. h7 {[%emt 0:00:06] Weighted Error Value: White=0.08 (flawless) /Black=0.40} 1-0

[Event "Vezerkepzo GM May 2022"]
[Site "Budapest"]
[Date "2022.05.24"]
[Round "9.3"]
[White "Tancsa, Tamas"]
[Black "Aveskulov, Valeriy"]
[Result "1/2-1/2"]
[ECO "B90"]
[WhiteElo "2091"]
[BlackElo "2531"]
[Annotator "TA"]
[PlyCount "90"]
[EventDate "2022.05.18"]
[EventType "tourn"]
[EventCountry "HUN"]
[SourceTitle "playchess.com"]
[Source "ChessBase"]
[SourceQuality "1"]
[TimeControl "5400+30"]

1. e4 c5 2. Nf3 d6 3. d4 Nf6 4. Nc3 cxd4 5. Nxd4 a6 6. f3 e5 7. Nb3 Be6 8. Be3 h5 9. Nd5 {[%emt 0:00:03] B90: Sicilian Najdorf: Unusual White 6th moves, 6 Be3 Ng4 and 6 Be3 e5.} Bxd5 10. exd5 Nbd7 11. Qd2 g6 12. Be2 Qc7 13. Rc1 Bg7 14. O-O O-O 15. c4 b6 {[%emt 0:00:11] Prevents Na5.} 16. Na1 h4 17. Nc2 Nh5 18. Rfe1 f5 19. Nb4 Kh7 20. Nc6 a5 {[%emt 0:00:12][%cal Ba6a5,Ba5a4,Ba4b3][%mdl 32] [#]} 21. b3 $146 {[%emt 0:01:04][%cal Bb2b3,Bb3b4][%mdl 32] White is much more active.} ({Predecessor:} 21. Bf1 h3 22. gxh3 Rae8 23. b3 Nc5 24. Kh1 Qd7 25. Bg2 Qf7 26. Rb1 Ra8 27. a3 {½-½ (53) Galliano,G (2053)-Hendricks,R (1942) FICGS email 2020}) 21... Nc5 22. Bd1 (22. Rb1 $16) 22... Qf7 23. a3 a4 24. b4 Nb3 25. Bxb3 axb3 26. c5 $2 (26. Qb2 $14 {keeps the upper hand.}) 26... bxc5 $1 $19 27. bxc5 dxc5 (27... Rxa3 $17 {Strongly threatening ...e4.} 28. cxd6 e4) 28. Bxc5 Rfe8 29. Rb1 Nf4 (29... Rac8 $1 $17 {And now ...Nf6 would win.} 30. Red1 Nf6) 30. Rxb3 Nxd5 31. Rd3 Nf4 32. Rd6 {[%emt 0:01:46][%cal Oc6e5] Threatens to win with Nxe5!} (32. Rd7 $5 Qc4 33. Qb4 $15 (33. Qf2 $2 Ne6 $19)) 32... Qc4 33. Qb4 Ra4 34. Qxc4 Rxc4 35. Be3 Re6 36. Rxe6 Nxe6 37. Rc1 {[%emt 0:02:31] [#]} ({Better is} 37. Nb4 $15) 37... Ra4 $1 $17 38. Ne7 (38. Rd1 $17) 38... Rxa3 $19 39. Rc6 {[%emt 0:00:07] [#]} Nd8 ({And not} 39... Rxe3 40. Rxe6 Rb3 41. Nxg6 $11) (39... Nd4 $1 $19 40. Bxd4 exd4) 40. Rd6 ({Avoid the trap} 40. Rxg6 $2 Bf8 41. Bg5 Ra1+ 42. Kf2 Ra2+ 43. Kf1 Bxe7 44. Rh6+ Kg7 45. Bxe7 Kxh6 $19) 40... Nf7 41. Rxg6 Bf8 (41... f4 $15 42. Bc5 Rc3) 42. Rf6 $11 {[%emt 0:00:13] The position is equal.} Kg7 43. Rg6+ Kh7 44. Rf6 Kg7 45. Rg6+ Kh7 {[%emt 0:00:02] Weighted Error Value: White=0.24 (precise) /Black=0.15 (very precise)} 1/2-1/2

[Event "Vezerkepzo GM May 2022"]
[Site "Budapest"]
[Date "2022.05.24"]
[Round "9.4"]
[White "Pacher, Milan"]
[Black "Mazur, Stefan"]
[Result "1-0"]
[ECO "A45"]
[WhiteElo "2394"]
[BlackElo "2423"]
[Annotator "TA"]
[PlyCount "107"]
[EventDate "2022.05.18"]
[EventType "tourn"]
[EventCountry "HUN"]
[SourceTitle "playchess.com"]
[Source "ChessBase"]
[SourceQuality "1"]
[TimeControl "5400+30"]

1. d4 Nf6 2. Bg5 Ne4 3. h4 c5 4. d5 Nxg5 5. hxg5 g6 (5... e5 $11 {deserves consideration.}) 6. Nf3 {[%emt 0:03:30][%cal Od5d6] A45: Trompowsky Attack.} Bg7 7. c3 d6 8. Nbd2 {[%emt 0:01:01] The position is equal.} b5 {[%emt 0:10:26] [#]} 9. e4 $146 ({Predecessor:} 9. Qc2 a5 10. e3 Ba6 11. Be2 Nd7 12. Ng1 Nb6 13. e4 Qd7 14. f4 e6 15. Bg4 {0-1 (47) Have,D (1947)-Estevez Hernandez,C (1732) Tenerife 2009}) 9... a6 10. a4 b4 11. cxb4 cxb4 12. Nc4 Nd7 13. Nfd2 (13. a5 $11) 13... Nc5 $15 14. Be2 (14. Qf3 $15) 14... O-O $17 15. O-O e6 16. Bf3 (16. Rc1 $17 {might work better.}) 16... Qxg5 17. e5 dxe5 18. d6 Bb7 19. Bxb7 Nxb7 20. Rc1 Rad8 $1 21. Qe2 Qh5 ({And not} 21... Nxd6 22. Nxd6 Rxd6 23. Ne4 $11) (21... Qh6 $19 22. Nf3 Nxd6 23. Ncxe5 Nf5) 22. Qxh5 gxh5 23. Ne4 Bh6 24. Nf6+ Kg7 25. Nxh5+ Kg6 26. Nxe5+ Kxh5 27. g4+ Kg5 ({Black should play} 27... Kh4 28. Rc4 Nxd6) 28. Rc7 Nxd6 29. f4+ Kf6 $1 {[%emt 0:00:10] aiming for ...Rg8.} ({Don't play} 29... Kh4 $6 30. Kg2 Bxf4 31. Rxf4 $11) 30. g5+ Kf5 $1 31. gxh6 Rg8+ (31... Rc8 $17 32. Rd7 Rfd8 33. Rxd8 Rxd8) 32. Kf2 $1 $15 f6 (32... Rc8 $15 {stays ahead.} 33. Rd7 Rgd8 34. Rxd8 Rxd8) 33. Nc6 $1 $16 Ne4+ 34. Ke1 {[%emt 0:00:02] Active counter play!} Rg3 $2 {[%emt 0:01:29][%mdl 8192] This costs Black the game.} 35. Nxd8 $18 {[%emt 0:00:19] Strongly threatening Nc6.} Re3+ 36. Kd1 Rd3+ 37. Kc1 Rxd8 38. Rxh7 {[%emt 0:02:06][%mdl 4096] Endgame Rg7 is the strong threat. KRR-KRN} Rc8+ 39. Kd1 {[%emt 0:00:03] Threatens to win with Rg7.} Rd8+ 40. Ke1 $1 Rd2 {[%emt 0:00:36] [#]} (40... Nd2 $142 41. Rf2 Ne4) 41. Rh1 $1 Rxb2 42. Rh3 Rb1+ 43. Ke2 Rb2+ 44. Kd1 Kg4 (44... b3 $142) 45. Rg7+ Kxh3 {[%emt 0:00:58] KRN-KR} 46. h7 Nf2+ 47. Ke1 Nd3+ {[%emt 0:00:02] [#]} 48. Kf1 $1 Rb1+ 49. Ke2 Nxf4+ 50. Kf3 Rf1+ 51. Ke3 Ng2+ 52. Ke2 Rf4 53. h8=Q+ Nh4 54. Qa8 {[%emt 0:00:18] Weighted Error Value: White=0.16 (very precise) /Black=0.62} (54. Rg1 $142 Re4+ 55. Kd3) 1-0

[Event "Vezerkepzo GM May 2022"]
[Site "Budapest"]
[Date "2022.05.24"]
[Round "9.5"]
[White "Nagy, Gabor"]
[Black "Karavade, Eesha"]
[Result "1/2-1/2"]
[ECO "E51"]
[WhiteElo "2503"]
[BlackElo "2348"]
[Annotator "TA"]
[PlyCount "91"]
[EventDate "2022.05.18"]
[EventType "tourn"]
[EventCountry "HUN"]
[SourceTitle "playchess.com"]
[Source "ChessBase"]
[SourceQuality "1"]
[TimeControl "5400+30"]

1. d4 Nf6 2. c4 e6 3. Nc3 Bb4 4. e3 O-O 5. Bd2 d5 6. Nf3 c5 7. a3 Bxc3 8. Bxc3 Ne4 9. Rc1 Nxc3 10. Rxc3 cxd4 11. Nxd4 $1 {[%emt 0:00:45] The main line 11.Nxd4 scores better than 11.Qxd4.} Nc6 {[%emt 0:09:22] E51: Nimzo-Indian: Rubinstein: 4...0-0 5 Nf3 d5.} 12. cxd5 Qxd5 13. Nxc6 bxc6 {[%emt 0:00:06] White is slightly better.} 14. Qc2 {[%emt 0:02:39] [#]} a5 $146 {[%emt 0:11:49] [#]} ({Predecessor:} 14... h6 15. f3 a5 16. Bc4 Qe5 17. f4 Qf6 18. O-O Ba6 19. Rf2 Rfd8 20. h3 Rd6 {1-0 (47) Nihal,S (2618)-Saduakassova,D (2519) Wijk aan Zee 2020}) 15. f3 ({Of course not} 15. Rxc6 $6 Bb7 16. Rc3 Rfc8 $11) (15. Bd3 $1 $16) 15... Ba6 $11 16. Kf2 Rfd8 17. Bxa6 Rxa6 18. Rc1 Qd2+ 19. Kf1 h5 20. Qxd2 Rxd2 21. Rxc6 Rxc6 22. Rxc6 Rxb2 {[%emt 0:00:04][%mdl 4096] Endgame KR-KR} 23. Rc8+ Kh7 24. Rc5 Kg6 25. Rxa5 h4 $1 26. h3 Ra2 (26... Rb1+ $11 27. Kf2 Rb2+ 28. Kg1 Rb1+ 29. Kh2 f5) 27. a4 (27. Ra4 $14 {feels stronger.}) 27... e5 {[%emt 0:09:54] [#]} (27... Ra1+ $11 28. Kf2 Ra2+ 29. Kg1 Ra1+ 30. Kh2 f5) 28. Rxe5 (28. Ra8 $1 $16) 28... Rxa4 29. Rd5 Ra2 30. Rd4 Kh5 31. Rd5+ Kg6 32. Rd1 Rb2 33. Re1 Kf5 34. Re2 Rb1+ 35. Kf2 g5 36. Rc2 f6 37. Rc5+ Kg6 38. f4 gxf4 {[%emt 0:00:09] The position is equal.} 39. e4 Rb2+ 40. Kf3 Rb3+ 41. Kxf4 Rg3 42. Rc8 {[%emt 0:00:12] Rg8+ would kill now.} Kg7 {[%emt 0:01:51] Against Rg8+} 43. Rc2 Kg6 44. Rc8 {[%emt 0:01:16] White wants to mate with Rg8+.} Kg7 {[%emt 0:00:02] Inhibits Rg8+.} 45. Rc7+ Kg6 46. Rc8 {[%emt 0:00:08] Weighted Error Value: White=0.12 (very precise) /Black=0.13 (very precise)} 1/2-1/2